 Dungeon Crawl Stone Soup version 0.30-a0-1085-g990a428a5c (webtiles) character file.

Game seed: 5329997681630357215

9872 Jeffwins the Cutter (level 11, -3/78 HPs)
             Began as a Human Wanderer on Apr 17, 2023.
             Was a Priest of Vehumet.
             Shot with an arrow by a tengu warrior (19 damage)
             ... on level 10 of the Dungeon.
             The game lasted 00:18:02 (11307 turns).

Jeffwins the Cutter (Human Wanderer)               Turns: 11307, Time: 00:18:03

Health: -3/78      AC:  8    Str: 14    XL:     11   Next: 82%
Magic:  17/20      EV: 13    Int: 23    God:    Vehumet [***...]
Gold:   35         SH:  0    Dex: 11    Spells: 7/22 levels left

rFire   . . .      SeeInvis .    a - +2 dagger (venom)
rCold   . . .      Faith    .    k - orb of the Twisting Gods {light, Harm Str-2 Dex+2 Slay+4}
rNeg    . . .      Spirit   .    M - +2 robe {Will+}
rPois   .          Reflect  .    V - +2 helmet
rElec   .          Rampage  .    Q - scarf {repulsion}
rCorr   .          Harm     + .  (no gloves)
Will    +....                    x - +0 pair of boots
Stlth   +                        g - amulet of regeneration
HPRegen 1.13/turn                Z - ring of wizardry
MPRegen 0.17/turn                I - +6 ring of intelligence

@: glowing, repel missiles
A: no striking features
a: Renounce Religion


You were on level 10 of the Dungeon.
You worshipped Vehumet.
Vehumet was most pleased with you.
You visited 2 branches of the dungeon, and saw 11 of its levels.

You collected 875 gold pieces.
You spent 840 gold pieces at shops.


   Skills:
 + Level 4.8 Fighting
 * Level 7.6 Short Blades
 + Level 2.1 Throwing
 - Level 1.0 Armour
 + Level 4.8 Dodging
 - Level 5.0 Stealth
 * Level 6.4 Spellcasting
 + Level 4.7 Conjurations
 * Level 2.6 Summonings
 * Level 7.0 Ice Magic
 * Level 5.1 Air Magic
 + Level 4.6 Poison Magic
 + Level 4.1 Evocations


You had 7 spell levels left.
You knew the following spells:

 Your Spells              Type           Power      Damage    Failure   Level
c - Ozocubu's Refrigerat  Ice            19%        4d11      34%         7
l - Summon Lightning Spi  Summ/Air       25%        N/A       6%          4
m - Mephitic Cloud        Conj/Pois/Air  29%        N/A       1%          3
z - Shock                 Conj/Air       100%       1d9       1%          1

Your spell library contained the following spells:

 Spells                   Type           Power      Damage    Failure   Level
 Inner Flame              Hex/Fire       7%         N/A       3%          3
 Ozocubu's Armour         Ice            39%        N/A       1%          3
 Apportation              Tloc           14%        N/A       3%          1
 Irradiate                Conj/Tmut      9%         3d14      10%         5
 Alistair's Intoxication  Tmut/Pois      12%        N/A       32%         5
 Blade Hands              Tmut           3%         N/A       63%         5
 Dragon Form              Tmut           3%         N/A       100%        7
 Storm Form               Tmut/Air       9%         N/A       100%        7
 Maxwell's Capacitive Co  Air            15%        ∞         99%         8

Inventory:

Hand Weapons
 a - a +2 dagger of venom (weapon)
 e - a +3 short sword
 K - a +0 longbow
 T - a +3 dagger
Missiles
 O - 31 poisoned darts
 Y - a curare-tipped dart (quivered) {=f}
Armour
 k - the orb of the Twisting Gods (worn) {light, Harm Str-2 Dex+2 Slay+4}
   (You found it on level 2 of the Dungeon)

   Str:       It affects your strength (-2).
   Dex:       It affects your dexterity (+2).
   Slay:      It affects your accuracy & damage with ranged weapons and melee
   (+4).
   Harm:      It increases damage dealt and taken.
 m - a +2 chain mail of fire resistance
 u - the +0 ring mail "Alomutei" {-Tele +Inv rElec Int+5}
   (You found it on level 3 of the Dungeon)

   Int:       It affects your intelligence (+5).
   rElec:     It insulates you from electricity.
   +Inv:      It lets you turn invisible.
   -Tele:     It prevents most forms of teleportation.
 x - a +0 pair of boots (worn)
 J - the +2 robe of Indomitability {rF- Will+ rCorr}
   (You found it on level 3 of the Dungeon)

   rF:        It makes you vulnerable to fire.
   rCorr:     It protects you from acid and corrosion.
   Will:      It increases your willpower.
 M - a +2 robe of willpower (worn)
 Q - a scarf of repulsion (worn)
 V - a +2 helmet (worn)
 X - a +0 kite shield
Magical Staves
 d - a staff of poison
 D - a staff of fire
Jewellery
 g - an amulet of regeneration (around neck)
 q - an amulet of magic regeneration
 v - a ring of see invisible
 E - a +5 ring of evasion
 I - a +6 ring of intelligence (right hand)
 P - a ring of poison resistance
 Z - a ring of wizardry (left hand)
Wands
 A - a wand of iceblast (1)
 B - a wand of mindburst (4)
 C - a wand of flame (13)
 R - a wand of light (32)
Scrolls
 b - a scroll of vulnerability {!r}
 f - 4 scrolls of teleportation {@r4}
 j - 4 scrolls of poison {!r}
 l - 3 scrolls of fog
 n - 4 scrolls of blinking
 o - 4 scrolls of enchant weapon
 w - 2 scrolls of immolation {!r}
 z - a scroll of magic mapping
 H - a scroll of enchant armour
 U - a scroll of amnesia
Potions
 c - 2 potions of brilliance {unknown}
 h - 4 potions of flight {unknown}
 i - a potion of haste {unknown}
 p - a potion of might
 t - 4 potions of lignification {unknown}
 y - a potion of heal wounds {@q2}
 F - 2 potions of mutation {unknown}
 G - a potion of berserk rage {unknown}
 L - a potion of curing {@q1}
 N - a potion of invisibility
 S - a potion of cancellation
 W - a potion of ambrosia {unknown}
Miscellaneous
 r - a phantom mirror
 s - a lightning rod (2/4)

Dungeon Overview and Level Annotations

Branches:
Dungeon (10/15)            Temple (1/1) D:6             Orc (0/2) D:9
   Lair: D:8-11

Altars:
Ashenzari
Cheibriados
Dithmenos
Fedhas
Gozag
Hepliaklqana
Kikubaaqudgha
Makhleb
Nemelex Xobeh
Okawaru
Qazlal
Ru
Sif Muna
Trog
Uskayaw
Vehumet
Wu Jian
Xom
Yredelemnul
Zin
The Shining One

Shops:
D:1

= #.# #.# ## . #
#.#########.. ..
#.#[)........Q▒
#.#.#[[###### .☼▒
##....[.########.▒
#...#...)........▒
#.......##.#.###.▒
#..#.#.........@.▒ #.
#.#......####.▒.♣ #
#.#...⌠..##...).♣
#.(....##......~..
..........##.#...♣.♣.▒
#..#...........▒.♣ ♣
#........###...▒.♣
#.⚑.####.# #...▒.♣
#... #.. #.#.▒♣.


You could see a tengu warrior.


Message History

The manticore closely misses you. The manticore claws you.
* * * LOW HITPOINT WARNING * * *
The manticore claws you.
* * * LOW HITPOINT WARNING * * *
You barely miss the manticore.
The manticore is almost dead.
Unknown command.
You hit the manticore but do no damage.
The manticore looks as sick as possible!
The manticore is almost dead.
You kill the manticore!
Vehumet accepts your kill.
Your lightning rod (2/4) has regained one charge.
Your Ice Magic skill increases to level 7!
You start resting.
A tengu warrior comes into view. It is wielding a +0 halberd.
The tengu warrior unwields a +0 halberd.
The tengu warrior wields a +0 longbow.
The tengu warrior shoots an arrow.
The arrow hits you!!
* * * LOW HITPOINT WARNING * * *
The tengu warrior shoots an arrow.
The arrow barely misses you.
Casting: Mephitic Cloud (safe; 1% risk of failure)
Confirm with . or Enter, or press ? or * to list all spells.
Aiming: Mephitic Cloud (safe; 1% risk of failure)
Press: ? - help, Shift-Dir - straight line The ball explodes into a vile cloud!
The stinking cloud engulfs the tengu warrior but does no damage.
You hear an angry buzzing noise.
The tengu warrior shoots an arrow.
The arrow hits you!
You die...

Skill      XL: |  1  2  3  4  5  6  7  8  9 10 11 |
---------------+----------------------------------+-----
Ice Magic      | 1 2 3 4 5 6 7 |  7.0
Stealth        | 1 2 3 4 5 |  5.0
Poison Magic   | 1 2 3 4 |  4.6
Air Magic      | 1 2 3 4 5 |  5.1
Spellcasting   | 2 3 4 5 6 |  6.4
Conjurations   | 2 3 4 |  4.7
Short Blades   | 4 5 6 7 |  7.6
Dodging        | 2 3 4 |  4.8
Evocations     | 1 2 3 4 |  4.1
Fighting       | 4 |  4.8
Throwing       | 1 2 |  2.1
Summonings     | 2 |  2.6
Armour         | |  1.0

Action                     |  1- 3 |  4- 6 |  7- 9 | 10-12 || total
---------------------------+-------+-------+-------+-------++-------
  Melee: Short sword       |    43 |       |       |       ||    43
         Punch             |     1 |       |       |       ||     1
         Dagger            |    64 |   121 |   254 |   347 ||   786
   Cast: Mephitic Cloud    |       |       |     1 |    11 ||    12
  Evoke: Wand              |       |       |     3 |     2 ||     5
         Lightning rod     |       |       |       |     3 ||     3
    Use: Potion            |     1 |       |     1 |     3 ||     5
         Scroll            |       |       |       |    14 ||    14
   Stab: Confused          |       |       |       |     4 ||     4
         Invisible         |       |       |       |     1 ||     1
 Armour: Leather armour    |    22 |    10 |       |       ||    32
         Ring mail         |       |     8 |    33 |    25 ||    66
         Robe              |       |       |       |    41 ||    41
         Skin              |       |       |       |     1 ||     1
  Dodge: Dodged            |    54 |    81 |   147 |   287 ||   569
         Repelled          |       |       |       |     3 ||     3

Levels and vault maps discovered:
D:1:      roderic_crossed_star, layout_loops_ring, serial_shops, shop_coins
D:2:      layout_basic, basic_altar
D:3:      minmay_chambers_of_twos, layout_loops_ring
D:4:      kennysheep_the_goblin_king, layout_loops_ring,
          nemelex_diamond_rough_becter, fedhas_altar_3, st_stairs_11
D:5:      nicolae_BIG_FREAKIN_CUBE, layout_gridville
D:6:      gammafunk_steamed_eel, layout_cave_pods,
          nicolae_qazlal_general_emergency, temple_fountains, uniq_sigmund
D:7:      layout_gridville, minivault_14, solitary_fountain
D:8:      nicolae_cairo_tiling_large, layout_rooms, lightli_temple_of_fire
D:9:      layout_stronghold, mainiacjoe_overflow_catwalk, serial_park_tiny_1,
          grunt_ministairs_14, minmay_fractal_squares_5, uniq_joseph
D:10:     nzn_winding_woodlands_small [nzn_winding_woodlands_5x15_longhouse,
          nzn_winding_woodlands_center_triple_pond,
          nzn_winding_woodlands_5x15_eye], layout_loops_ring, bloody_makhleb,
          mainiacjoe_overflow_cross_hatched, ebering_ghost_xom,
          dreamdust_wishing_well, corexii_hall_statues_i
Temple:   hellmonk_temple_two_chambers

Notes
Turn   | Place    | Note
-------+----------+-------------------------------------------
     0 | D:1      | Jeffwins the Human Wanderer began the quest for the Orb.
     0 | D:1      | Jeffwins set off with the following items: a +3 short
                  | sword, a scroll of vulnerability {!r}, a +0 leather armour;
                  | and the following spell memorised: Shock; and the following
                  | spells available to memorise: Mephitic Cloud.
     0 | D:1      | Reached XP level 1. HP: 18/18 MP: 2/2
   147 | D:1      | Reached XP level 2. HP: 24/24 MP: 3/3
   526 | D:1      | Reached XP level 3. HP: 29/29 MP: 4/4
   620 | D:1      | Found Buhuasou's Jewellery Emporium.
   690 | D:1      | Reached skill level 1 in Ice Magic
   906 | D:2      | Identified the orb of the Twisting Gods {light, Harm Str-2
                  | Dex+2 Slay+4}
  1076 | D:2      | Found a shimmering altar of Xom.
  1091 | D:2      | Reached skill level 1 in Stealth
  1124 | D:2      | Reached skill level 1 in Poison Magic
  1124 | D:2      | Reached XP level 4. HP: 31/35 MP: 6/6
  1129 | D:2      | Reached skill level 1 in Air Magic
  1203 | D:2      | Learned a level 3 spell: Mephitic Cloud
  1783 | D:3      | Reached skill level 2 in Spellcasting
  1783 | D:3      | Reached XP level 5. HP: 41/41 MP: 6/8
  2342 | D:3      | Reached XP level 6. HP: 39/47 MP: 9/9
  2352 | D:3      | Identified the +0 ring mail "Alomutei" {-Tele +Inv rElec
                  | Int+5}
  2549 | D:3      | Identified the +2 robe of Indomitability {rF- Will+ rCorr}
  2577 | D:4      | Reached skill level 2 in Ice Magic
  2589 | D:4      | Found a blossoming altar of Fedhas.
  2599 | D:4      | Noticed an ogre
  2607 | D:4      | Killed an ogre
  2608 | D:4      | Reached skill level 2 in Conjurations
  2966 | D:4      | Noticed Ijyb
  2988 | D:4      | Killed Ijyb
  2989 | D:4      | Reached skill level 2 in Stealth
  2989 | D:4      | Reached XP level 7. HP: 26/52 MP: 9/11
  3370 | D:4      | Reached skill level 4 in Short Blades
  3370 | D:4      | Reached skill level 2 in Dodging
  3370 | D:4      | Reached skill level 2 in Air Magic
  3429 | D:4      | Found a sparkling altar of Nemelex Xobeh.
  3526 | D:5      | Entered Level 5 of the Dungeon
  3568 | D:5      | You fall into a shaft and drop 3 floors!
  3600 | D:8      | Noticed a hornet
  3604 | D:8      | Killed a hornet
  3605 | D:8      | Reached skill level 3 in Spellcasting
  3605 | D:8      | Reached skill level 1 in Evocations
  3682 | D:7      | Reached skill level 3 in Ice Magic
  3682 | D:7      | Reached skill level 2 in Poison Magic
  3682 | D:7      | Reached XP level 8. HP: 58/58 MP: 12/12
  3685 | D:6      | Found a transporter.
  3757 | D:6      | Found a staircase to the Ecumenical Temple.
  3770 | Temple   | Entered the Ecumenical Temple
  3787 | Temple   | Became a worshipper of Vehumet
  4108 | D:6      | Found a transporter.
  4500 | D:5      | Reached skill level 3 in Stealth
  4692 | D:5      | Reached skill level 5 in Short Blades
  4692 | D:5      | Reached skill level 3 in Conjurations
  4696 | D:5      | Reached skill level 4 in Ice Magic
  4696 | D:5      | Reached skill level 2 in Evocations
  4747 | D:5      | Reached XP level 9. HP: 62/63 MP: 14/14
  4830 | D:5      | Reached skill level 4 in Spellcasting
  5293 | D:6      | Reached skill level 3 in Dodging
  5293 | D:6      | Reached skill level 3 in Air Magic
  5294 | D:6      | Reached * piety under Vehumet
  5294 | D:6      | Offered knowledge of Sandblast by Vehumet.
  5458 | D:6      | Found a stormy altar of Qazlal.
  5462 | D:6      | Noticed Sigmund
  5480 | D:6      | Killed Sigmund
  5960 | D:6      | Reached skill level 3 in Poison Magic
  6548 | D:7      | Offered knowledge of Searing Ray by Vehumet.
  6871 | D:8      | Noticed a kobold demonologist
  6871 | D:8      | Noticed a kobold demonologist
  6904 | D:7      | Reached skill level 5 in Ice Magic
  7020 | D:7      | HP: 6/65 [yak (1)]
  7022 | D:7      | Reached skill level 6 in Short Blades
  7022 | D:7      | Reached XP level 10. HP: 7/71 MP: 17/17
  7241 | D:7      | Killed a kobold demonologist
  7242 | D:7      | Reached skill level 5 in Spellcasting
  7263 | D:7      | Reached skill level 4 in Stealth
  7263 | D:7      | Reached skill level 3 in Evocations
  7274 | D:7      | Reached ** piety under Vehumet
  7394 | D:7      | Reached skill level 4 in Conjurations
  7535 | D:8      | Reached skill level 4 in Fighting
  7973 | D:8      | Reached skill level 4 in Air Magic
  7980 | D:8      | Reached skill level 4 in Dodging
  8085 | D:8      | Found a bloodstained altar of Trog.
  8180 | D:8      | Noticed a kobold demonologist
  8197 | D:8      | Noticed a smoke demon
  8427 | D:8      | Killed a kobold demonologist
  8428 | D:8      | Reached skill level 6 in Ice Magic
  8451 | D:8      | Killed a kobold demonologist
  8452 | D:8      | Reached skill level 4 in Poison Magic
  8913 | D:9      | Offered knowledge of Volatile Blastmotes by Vehumet.
  8921 | D:9      | Reached skill level 1 in Throwing
  9049 | D:9      | Reached XP level 11. HP: 78/78 MP: 19/19
  9096 | D:9      | Reached skill level 7 in Short Blades
  9109 | D:9      | Learned a level 7 spell: Ozocubu's Refrigeration
  9114 | D:9      | Learned a level 4 spell: Summon Lightning Spire
  9140 | D:9      | HP: 7/78 [steam dragon] (12)]
  9542 | D:9      | Reached skill level 6 in Spellcasting
  9575 | D:9      | Found a staircase to the Orcish Mines.
  9587 | D:9      | Noticed Joseph
  9606 | D:9      | Killed Joseph
  9607 | D:9      | Reached skill level 1 in Summonings
  9750 | D:9      | Noticed a two-headed ogre
  9772 | D:9      | Killed a two-headed ogre
  9803 | D:9      | Reached *** piety under Vehumet
  9839 | D:9      | Found an iron altar of Okawaru.
  9995 | D:1      | Bought an amulet of regeneration for 420 gold pieces
 10205 | D:9      | Reached skill level 5 in Stealth
 10393 | D:9      | Reached skill level 2 in Summonings
 10432 | D:9      | Reached skill level 4 in Evocations
 10779 | D:10     | Entered Level 10 of the Dungeon
 10793 | D:10     | Found a burning altar of Makhleb.
 10809 | D:10     | Noticed a two-headed ogre
 10817 | D:10     | Noticed a manticore
 10818 | D:10     | Killed a two-headed ogre
 10819 | D:10     | Reached skill level 2 in Throwing
 10819 | D:10     | Reached skill level 5 in Air Magic
 10835 | D:10     | Offered knowledge of Inner Flame by Vehumet.
 11088 | D:1      | Bought a ring of wizardry for 420 gold pieces
 11299 | D:10     | Killed a manticore
 11300 | D:10     | Reached skill level 7 in Ice Magic
 11304 | D:10     | Noticed a tengu warrior
 11307 | D:10     | Shot with an arrow by a tengu warrior

Vanquished Creatures
  2 two-headed ogres
  A manticore (D:10)
  Joseph (D:9)
  2 unseen horrors
  3 kobold demonologists
  2 trolls (D:9)
  A hornet (D:8)
  Sigmund (D:6)
  11 yaks
  A wraith (D:9)
  A wyvern (D:9)
  2 steam dragons
  An acid dragon (D:9)
  3 ice beasts
  2 orc warriors
  3 centaurs
  2 ogres
  4 kobold brigands
  3 phantoms
  5 bullfrogs
  A gnoll sergeant (D:8)
  3 scorpions
  4 wights (D:10)
  10 killer bees
  4 howler monkeys
  3 electric eels
  A jelly (D:8)
  4 hounds
  A gnoll bouda (D:5)
  3 orc priests
  A sleepcap (D:6)
  Ijyb (D:4)
  7 orc wizards
  2 iguanas
  13 gnolls
  8 adders
  2 shadow imps
  4 worms
  4 dart slugs
  21 orcs
  7 bats
  9 endoplasms
  A giant cockroach (D:2)
  12 goblins
  9 hobgoblins
  2 jackals (D:2)
  21 kobolds
  4 quokkas
  14 ball pythons
  A frilled lizard (D:1)
  6 rats
234 creatures vanquished.

Vanquished Creatures (others)
  An electric eel (D:6)
  A plant (D:6)
2 creatures vanquished.

Grand Total: 236 creatures vanquished

Table legend: (Time is in decaauts)
 A = Elapsed time spent in this place.
 B = Non-inter-level travel time spent in this place.
 C = Inter-level travel time spent in this place.
 D = Time resting spent in this place.
 E = Time spent auto-exploring this place.
 F = Levels seen in this place.
 G = Mean time per level.
                   A        B        C        D        E       F      G
               +--------+--------+--------+--------+--------+-----+--------+
         Total |  11105 |  10112 |    993 |   1232 |   7148 |  11 | 1009.5 |
       Dungeon |  11083 |  10093 |    990 |   1232 |   7138 |  10 | 1108.3 |
        Temple |     21 |     18 |      3 |      0 |     10 |   1 |   21.0 |
               +--------+--------+--------+--------+--------+-----+--------+

Top non-repeatable levels by time:
     D:9: 1956 daAuts
     D:8: 1463 daAuts
     D:7: 1381 daAuts
     D:6: 1232 daAuts
     D:5: 1165 daAuts
     D:3: 1007 daAuts
     D:1: 947 daAuts
     D:4: 923 daAuts
     D:2: 893 daAuts
    D:10: 113 daAuts
  Temple: 21 daAuts

Table legend:
 A = Non-vault XP
 B = Vault XP
 C = Vault XP percentage of total XP
 D = Non-vault monster count
 E = Vault monster count
 F = Vault count percentage of total count
                 A         B        C        D         E       F
            +---------+---------+-------+---------+---------+-------
      Total |    9578 |    4525 |  32.1 |     193 |      42 |  17.9
            +---------+---------+-------+---------+---------+-------
        D:1 |      40 |       0 |   0.0 |      22 |       0 |   0.0
        D:2 |      83 |       0 |   0.0 |      25 |       0 |   0.0
        D:3 |     129 |      41 |  24.1 |      20 |       8 |  28.6
        D:4 |     104 |     223 |  68.2 |      13 |      10 |  43.5
        D:5 |     683 |       0 |   0.0 |      20 |       0 |   0.0
        D:6 |     640 |     395 |  38.2 |      15 |       4 |  21.1
        D:7 |    2305 |       0 |   0.0 |      26 |       0 |   0.0
        D:8 |    2566 |       0 |   0.0 |      23 |       0 |   0.0
        D:9 |    2163 |    2240 |  50.9 |      21 |      16 |  43.2
       D:10 |     865 |    1626 |  65.3 |       8 |       4 |  33.3
            +---------+---------+-------+---------+---------+-------
